 Dungeon Sprint DCSS version 0.24-a0-249-g2af7e83 (webtiles) character file.

Game seed: 6292404306783740421

1245 Krakonus1 the Bludgeoner (level 8, -6/74 HPs)
             Began as a Troll Berserker on Apr 13, 2019.
             Was a High Priest of Trog.
             Mangled by an unseen horror (7 damage)
             ... in the Dungeon (Sprint IX: "|||||||||||||||||||||||||||||").
             The game lasted 00:02:20 (299 turns).

Krakonus1 the Bludgeoner (Troll Berserker)           Turns: 299, Time: 00:02:21

Health: -6/74      AC:  6    Str: 28    XL:     8   Next: 25%
Magic:  7/7        EV: 10    Int:  3    God:    Trog [*****.]
Gold:   0          SH:  0    Dex:  9    Spells: 7/7 levels left

rFire    . . .     SeeInvis .   r - +2 dire flail (crush)
rCold    . . .     Gourm    +   (shield currently unavailable)
rNeg     . . .     Faith    .   b - +0 animal skin
rPois    .         Spirit   .   (helmet restricted)
rElec    .         Reflect  .   (no cloak)
rCorr    .         Harm     .   (gloves unavailable)
MR       .....     NoTele   +   (boots unavailable)
Stlth    +.........             (no amulet)
HPRegen  0.62/turn              (no ring)
MPRegen  0.10/turn              (no ring)

@: berserk cooldown, slowed, very slow
A: large, unfitting armour, claws 3, fast metabolism 3, gourmand, regeneration
1, shaggy fur 1, tough skin 3
a: Berserk, Trog's Hand, Brothers in Arms, Renounce Religion


You were in the Dungeon.
You worshipped Trog.
Trog was extremely pleased with you.
You were very full.

You visited 1 branch

Inventory:

Hand Weapons
 a - a +0 mace
 j - a +0 flail
 k - a +0 shortbow
 r - a +2 dire flail of crushing (weapon)
 s - a +2 halberd of protection
 t - a +0 lajatang
 u - a +2 rapier of electrocution
 v - a +2 scimitar of holy wrath
 w - a +3 war axe of freezing
 y - a +0 giant club
Missiles
 l - 18 arrows
Armour
 b - a +0 animal skin (worn)
Magical Staves
 x - an uncursed staff of energy
Jewellery
 p - a +3 ring of intelligence
 q - a +2 ring of evasion
Wands
 o - a wand of iceblast (10)
Scrolls
 i - 2 scrolls of blinking
 n - 3 scrolls of remove curse
Potions
 d - 5 potions of curing
 e - 3 potions of heal wounds
 f - a potion of haste
 g - 4 potions of magic
 h - a potion of berserk rage
 m - a potion of invisibility
Comestibles
 c - 2 rations
 z - 3 chunks of flesh


   Skills:
 - Level 2.4 Fighting
 * Level 16.0 Maces & Flails
 - Level 2.4 Dodging


You had 7 spell levels left.
You didn't know any spells.
Your spell library was empty.

Dungeon Overview and Level Annotations

Branches:
Dungeon (1/1)

Altars:
Cheibriados
Dithmenos
Elyvilon
Fedhas
Gozag
Hepliaklqana
Kikubaaqudgha
Makhleb
Nemelex Xobeh
Okawaru
Qazlal
Ru
Sif Muna
Trog
Uskayaw
Vehumet
Wu Jian
Xom
Yredelemnul
Zin
The Shining One
Beogh
Jiyva
Lugonu


Innate Abilities, Weirdness & Mutations

You are too large for most types of armour.
You have claws for hands.
Your metabolism is lightning-fast.
You like to eat raw meat.
Your natural rate of healing is unusually fast.
You are covered in fur. (AC +1)
You have extremely tough skin. (AC +3)


Message History

Trog appreciates your killing of a magic user.
Reactivating autopickup.
Your Maces & Flails skill increases to level 16!
You feel a bit more experienced. Something completely misses you.
Things that are here:
a +0 dagger; a +0 robe; a manticore corpse Deactivating autopickup; reactivate with Ctrl-A.
You miss something. Something hits you.
* * * LOW HITPOINT WARNING * * *
You barely miss something. Something hits you but does no damage.
You hit something.
You are no longer berserk.
You are exhausted.
You feel yourself slow down. Something hits you!
* * * LOW HITPOINT WARNING * * *
You closely miss something. Something hits you!
* * * LOW HITPOINT WARNING * * *
Something hits you!
You die...

▓÷▓
▓.▓
▓.▓
▓.▓
▓.▓
▓)▓
▓'▓
▓.▓
▓@▓
▓{▓
▓Y▓
▓.▓
▓.▓
▓+▓


You could see a yak.

Vanquished Creatures
  A manticore (D)
  An ugly thing (D)
  A yak (D)
  A centaur (D)
  An ogre (D)
  A killer bee (D)
  A hound (D)
  An orc wizard (D)
  An ooze (D)
  2 adder zombies (D)
  A leopard gecko (D)
  An orc (D)
  A bat zombie (D)
  A giant cockroach (D)
  A giant cockroach zombie (D)
  A leopard gecko zombie (D)
  3 rats (D)
20 creatures vanquished.

Notes
Turn   | Place    | Note
-------+----------+-------------------------------------------
     0 | D        | Krakonus1 the Troll Berserker began the quest for the Orb.
     0 | D        | Reached XP level 1. HP: 22/22 MP: 0/0
     8 | D        | Reached skill level 3 in Maces & Flails
    10 | D        | Reached ** piety under Trog
    12 | D        | Reached skill level 4 in Maces & Flails
    28 | D        | Noticed a centaur
    38 | D        | Killed a centaur
    38 | D        | Reached skill level 8 in Maces & Flails
    38 | D        | Reached XP level 2. HP: 19/29 MP: 1/1
    38 | D        | Reached XP level 3. HP: 24/36 MP: 2/2
    38 | D        | Reached XP level 4. HP: 29/44 MP: 3/3
    50 | D        | Reached *** piety under Trog
    80 | D        | Found a roughly hewn altar of Beogh.
    80 | D        | Found a snail-covered altar of Cheibriados.
    80 | D        | Found a shadowy altar of Dithmenos.
    80 | D        | Found a white marble altar of Elyvilon.
    80 | D        | Found a blossoming altar of Fedhas.
    80 | D        | Found an opulent altar of Gozag.
    81 | D        | Found a hazy altar of Hepliaklqana.
    82 | D        | Found a viscous altar of Jiyva.
    83 | D        | Found an ancient bone altar of Kikubaaqudgha.
    84 | D        | Found a corrupted altar of Lugonu.
    85 | D        | Found a burning altar of Makhleb.
    86 | D        | Found a sparkling altar of Nemelex Xobeh.
    87 | D        | Found an iron altar of Okawaru.
    88 | D        | Found a stormy altar of Qazlal.
    89 | D        | Found a sacrificial altar of Ru.
    90 | D        | Found a deep blue altar of Sif Muna.
    91 | D        | Found a bloodstained altar of Trog.
    92 | D        | Found a hide-covered altar of Uskayaw.
    93 | D        | Found a radiant altar of Vehumet.
    94 | D        | Found an ornate altar of the Wu Jian Council.
    95 | D        | Found a shimmering altar of Xom.
    96 | D        | Found a basalt altar of Yredelemnul.
    97 | D        | Found a glowing silver altar of Zin.
    98 | D        | Found a glowing golden altar of the Shining One.
   147 | D        | Noticed an ogre
   149 | D        | Reached **** piety under Trog
   154 | D        | Killed an ogre
   154 | D        | Reached skill level 10 in Maces & Flails
   154 | D        | Reached XP level 5. HP: 34/50 MP: 4/4
   168 | D        | Reached skill level 11 in Maces & Flails
   175 | D        | Reached ***** piety under Trog
   180 | D        | HP: 5/50 [poisoned by a killer bee]
   185 | D        | HP: 4/50 [poisoned by a killer bee]
   190 | D        | HP: 4/50 [poisoned by a killer bee]
   272 | D        | Noticed a cyan ugly thing
   272 | D        | Noticed a yak
   272 | D        | Noticed a manticore
   272 | D        | Noticed a yak
   286 | D        | Killed a cyan ugly thing
   286 | D        | Received a gift from Trog
   286 | D        | Reached skill level 14 in Maces & Flails
   286 | D        | Reached XP level 6. HP: 53/59 MP: 5/5
   286 | D        | Reached XP level 7. HP: 59/66 MP: 6/6
   288 | D        | Killed a yak
   293 | D        | Killed a manticore
   293 | D        | Reached skill level 15 in Maces & Flails
   293 | D        | Reached XP level 8. HP: 38/74 MP: 7/7
   294 | D        | Reached skill level 16 in Maces & Flails
   299 | D        | HP: 1/74 [something (10)]
   299 | D        | Mangled by an unseen horror

Levels and vault maps discovered:
D:        linesprint [early_d, line_temple, items_1, d_10, items_2, lair_1,
          lair_end, items_3, orc_1, orc_end, items_4, d_15, swamp_1, shoals_1,
          snake_1, spider_1, d_20, vaults_1, items_5, swamp_end, shoals_end,
          snake_end, spider_end, vaults_end, d_27, items_6, zot_1, zot_end,
          crypt_end, forest_end, elf_end, slime_end, tomb_end, abyss_end,
          pan_hell_end]

Skill      XL: |  1  2  3  4  5  6  7  8 |
---------------+-------------------------+-----
Maces & Flails | 8 10 14 15 16 | 16.0
Fighting       | |  2.4
Dodging        | |  2.4

Action                   |  1- 3 |  4- 6 |  7- 9 || total
-------------------------+-------+-------+-------++-------
Melee: Mace              |    21 |    19 |       ||    40
       Dire flail        |       |    40 |    10 ||    50
Invok: Berserk           |       |     2 |       ||     2
  Eat: Chunk             |     3 |     6 |       ||     9
Armor: Animal skin       |     9 |    15 |     1 ||    25
Dodge: Dodged            |    16 |    23 |     4 ||    43

Table legend:
 A = Non-vault XP
 B = Vault XP
 C = Vault XP percentage of total XP
 D = Non-vault monster count
 E = Vault monster count
 F = Vault count percentage of total count
                 A         B        C        D         E       F
            +---------+---------+-------+---------+---------+-------
      Total |       0 |    1779 | 100.0 |       0 |      20 | 100.0
            +---------+---------+-------+---------+---------+-------
          D |       0 |    1779 | 100.0 |       0 |      20 | 100.0
            +---------+---------+-------+---------+---------+-------
